 Dungeon Sprint DCSS version 0.17-a0-1760-ga6756ae (webtiles) character file.

596 Kidiri the Basher (level 7, -4/78 HPs)
             Began as a Troll Berserker on Sept 3, 2015.
             Was a Priest of Trog.
             Slain by a centaur warrior (10 damage)
             ... in the Dungeon (Sprint I: "Red Sonja").
             The game lasted 00:03:21 (378 turns).

Kidiri the Basher (Troll Berserker)                  Turns: 378, Time: 00:03:21

Health: -4/78      AC:  5    Str: 28    XL:     7   Next: 17%
Magic:  6/6        EV: 12    Int:  3    God:    Trog [***...]
Gold:   432        SH:  0    Dex:  9    Spells: 0 memorised, 6 levels left

rFire  . . .     SeeInvis .     j - +0 giant club
rCold  . . .     Clarity  .     b - +0 animal skin
rNeg   . . .     SustAt   .     (no shield)
rPois  .         Gourm    +     (helmet restricted)
rElec  .         Spirit   .     (no cloak)
rCorr  .         Warding  .     (gloves unavailable)
rMut   .         NoTele   +     (boots unavailable)
MR     .....                    (no amulet)
Stlth  +.........               (no ring)
                                (no ring)

@: exhausted, very slightly contaminated, hasted and slowed, not resistant to
hostile enchantments, very unstealthy
A: unfitting armour, claws 3, fast metabolism 3, gourmand, regeneration 2,
shaggy fur 1, tough skin 2
a: Burn Spellbooks, Berserk, Trog's Hand, Renounce Religion


You were in the Dungeon.
You worshipped Trog.
Trog was most pleased with you.
You were not hungry.

You visited 1 branch You collected 432 gold pieces.

Inventory:

Hand weapons
 j - a +0 giant club (weapon)
Armour
 b - a +0 animal skin (worn)
Scrolls
 i - a scroll of blinking
Potions
 g - 2 potions of magic
 h - a potion of berserk rage
Comestibles
 a - 4 chunks of flesh
 c - a bread ration


   Skills:
 * Level 7.4 Fighting
 * Level 8.1 Maces & Flails
 + Level 5.2 Throwing
 * Level 7.3 Dodging


You had 6 spell levels left.
You didn't know any spells.

Dungeon Overview and Level Annotations

Branches:
Dungeon (1/1)

Altars:
Cheibriados
Dithmenos
Elyvilon
Fedhas
Gozag
Kikubaaqudgha
Makhleb
Nemelex Xobeh
Okawaru
Qazlal
Ru
Sif Muna
Trog
Vehumet
Xom
Yredelemnul
Zin
The Shining One
Jiyva

Shops:
D :


Innate Abilities, Weirdness & Mutations

You are too large for most types of armour.
You have claws for hands.
Your metabolism is lightning-fast.
You like to eat raw meat.
You heal very quickly.
You are covered in fur (AC +1).
You have very tough skin (AC +2).


Message History

You hit the centaur warrior.
The centaur warrior is lightly wounded.
The centaur warrior hits you.
* * * LOW HITPOINT WARNING * * *
The centaur warrior hits you!
* * * LOW HITPOINT WARNING * * *
Unknown command.
You hit the centaur warrior.
The centaur warrior is lightly wounded.
The centaur warrior hits you but does no damage.
The centaur warrior closely misses you.
Unknown command.
You barely miss the centaur warrior.
The centaur warrior is lightly wounded.
The centaur warrior closely misses you.
Unknown command.
You hit the centaur warrior but do no damage.
The centaur warrior is lightly wounded.
The centaur warrior hits you!
You die...

######################
#<.#..'..#..'..#__#..+
#..'..#..'..#..+..+..#
#..#####+#####'#__####
#..####[.#...#@####§%#
#..#__####..##c#§c§§§
#..#_..__##+#.c§(≈§§
#⌠⌠#_.∩...÷..._#§§≈..#
####_..._##_.#+##+####
#_____###+#(# #######
###


You could see 2 centaur warriors.

Vanquished Creatures
  A slime creature (D)
  Sigmund (D)
  A yak (D)
  An ogre (D)
  Ijyb (D)
  A jelly (D)
6 creatures vanquished.

Vanquished Creatures (others)
  A gargoyle (D)
1 creature vanquished.

Grand Total: 7 creatures vanquished

Notes
Turn   | Place    | Note
--------------------------------------------------------------
     0 | D        | Kidiri the Troll Berserker began the quest for the Orb.
     0 | D        | Reached XP level 1. HP: 22/22 MP: 0/0
     2 | D        | Noticed Ijyb
    24 | D        | Killed Ijyb
    24 | D        | Reached skill level 3 in Fighting
    24 | D        | Reached skill level 1 in Throwing
    24 | D        | Reached XP level 2. HP: 8/31 MP: 1/1
   104 | D        | Noticed an ogre
   109 | D        | Killed an ogre
   109 | D        | Acquired Trog's second power
   109 | D        | Reached skill level 4 in Fighting
   109 | D        | Reached skill level 5 in Maces & Flails
   109 | D        | Reached XP level 3. HP: 40/40 MP: 2/2
   109 | D        | Reached XP level 4. HP: 49/49 MP: 3/3
   152 | D        | Noticed Sigmund
   165 | D        | Killed Sigmund
   165 | D        | Reached skill level 5 in Fighting
   165 | D        | Reached skill level 6 in Maces & Flails
   165 | D        | Reached skill level 5 in Dodging
   165 | D        | Reached XP level 5. HP: 12/59 MP: 4/4
   185 | D        | Killed a gargoyle
   241 | D        | Found a snail-covered altar of Cheibriados.
   241 | D        | Found a viscous altar of Jiyva.
   241 | D        | Found a shadowy altar of Dithmenos.
   241 | D        | Found a blossoming altar of Fedhas.
   241 | D        | Noticed a slime creature
   252 | D        | Killed a slime creature
   252 | D        | Reached skill level 7 in Maces & Flails
   252 | D        | Reached XP level 6. HP: 53/68 MP: 5/5
   297 | D        | Found a deep blue altar of Sif Muna.
   298 | D        | Noticed a jelly
   299 | D        | Found a radiant altar of Vehumet.
   302 | D        | Killed a jelly
   339 | D        | Found Lizaof's Book Emporium.
   339 | D        | Found a white marble altar of Elyvilon.
   339 | D        | Found a stormy altar of Qazlal.
   339 | D        | Found a burning altar of Makhleb.
   339 | D        | Found a sacrificial altar of Ru.
   339 | D        | Found a basalt altar of Yredelemnul.
   339 | D        | Found a glowing golden altar of the Shining One.
   339 | D        | Found a sparkling altar of Nemelex Xobeh.
   339 | D        | Found a shimmering altar of Xom.
   339 | D        | Found an opulent altar of Gozag.
   339 | D        | Found an ancient bone altar of Kikubaaqudgha.
   339 | D        | Found a glowing silver altar of Zin.
   339 | D        | Noticed a yak
   341 | D        | Killed a yak
   341 | D        | Reached skill level 8 in Maces & Flails
   341 | D        | Reached skill level 5 in Throwing
   341 | D        | Reached XP level 7. HP: 78/78 MP: 6/6
   342 | D        | Found an iron altar of Okawaru.
   345 | D        | Found a bloodstained altar of Trog.
   363 | D        | Noticed a centaur warrior
   364 | D        | Noticed a centaur warrior
   378 | D        | Slain by a centaur warrior

Vault maps used:
D:        dungeon_sprint_1

Action                   |  1- 3 |  4- 6 |  7- 9 || total
-------------------------+-------+-------+-------++-------
Melee: Mace              |    27 |       |       ||    27
       Giant club        |       |    19 |     9 ||    28
Invok: Berserk           |     1 |     2 |     1 ||     4
       Trog's Hand       |       |       |     1 ||     1
  Use: Potion            |       |     2 |     1 ||     3
  Eat: Chunk             |     3 |       |       ||     3
       Bread ration      |       |     1 |       ||     1
